[Event "EU-ch 12th"]
[Site "Aix les Bains"]
[Date "2011.03.31"]
[Round "9"]
[White "Raznikov, Danny"]
[Black "Shengelia, Davit"]
[Result "0-1"]
[ECO "E02"]
[WhiteElo "2384"]
[BlackElo "2573"]
[Annotator "Marchand,A/Primel,D"]
[PlyCount "96"]
[EventDate "2011.03.22"]
[EventType "swiss"]
[EventRounds "11"]
[EventCountry "FRA"]
[SourceTitle "CBM 142 Extra"]
[Source "ChessBase"]
[SourceDate "2011.06.27"]
[SourceVersion "1"]
[SourceVersionDate "2011.06.27"]
[SourceQuality "1"]
[TimeControl "40/5400+30:1800+30"]

1. d4 Nf6 2. c4 e6 3. Nf3 d5 4. g3 dxc4 5. Bg2 (5. Qa4+ Nbd7 (5... Bd7 6. Qxc4
Bc6 7. Bg2 Be7 8. Nc3 a6 (8... O-O) 9. O-O O-O (9... b5 10. Qb3 Nbd7 11. Bf4
O-O 12. Rac1)) 6. Qxc4 (6. Bg2 a6 7. Qxc4 b5 8. Qc6 Rb8 9. Bf4 Nd5 10. Bg5 Be7
11. Bxe7 Qxe7 12. Nc3) 6... c5 (6... a6 $142) 7. Bg2 b6 8. Ne5 Nxe5 9. dxe5 Nd5
10. Nc3 Nxc3 11. bxc3 Rb8 12. Qa4+ b5 13. Qxa7 Qb6 14. Qxb6 Rxb6 15. O-O $36 {
Ftacnik,L (2608)-Mitkov,M (2402) Lisbon Summer op 2000 (9) 1-0}) 5... Nc6 6.
Qa4 Bd7 $5 {[%cal Gd7a4,Gc6d4] Une ligne secondaire solide} (6... Bb4+) (6...
Nd7) 7. Qxc4 Na5 {[%cal Gc7c5] L'idée de la variante avec le N qui gagne un
tempo pour jouer le coup libérateur c5} 8. Qd3 (8. Qc2 Rc8 9. O-O c5 $132) (8.
Qc3 $143 c5 9. Bd2 (9. dxc5 Rc8) 9... Nc6 {Ippolito,D (2280)-Olafsson,H (2500)
New York op 1997 (2) 1/2} (9... b6 $146 10. dxc5 (10. O-O Rc8 )
10... Bxc5 $5 11. b4 Bxf2+ 12. Kf1 (12. Kxf2 Ne4+) 12... Rc8 13. Qd3 Nc4 14.
Kxf2 O-O 15. Nc3 b5 16. Rac1 (16. Rhd1 Qb6+ 17. Qd4 Nxd2 18. Qxb6 axb6 19. Rxd2
Rxc3) 16... Qb6+)) 8... c5 {Le coup libérateur} 9. O-O (9. Nc3 Rc8 $132) 9...
Rc8 10. Nc3 (10. dxc5 Bxc5 11. Nc3 O-O 12. Ne5 Bc6 13. Qxd8 Rfxd8 $11 {Holst,A
(2350)-Taimanov,M (2455) Rilton Cup 28th 1998 (6) 1/2}) 10... cxd4 $132 11.
Nxd4 Bc5 (11... Qb6 $5) 12. Rb1 $6 $146 (12. Nb3 Nxb3 13. axb3
Bc6 $11 {Gustafsson,J (2616)-Groszpeter,A (2524) AUT-chT 0405 2004 (8) 1/2}) (
12. Rd1 $142 $1 O-O 13. Bg5 h6 14. Bxf6 Qxf6 15. Ne4 Qxd4 16. Qxd4 Bxd4 17.
Rxd4 $32 {Ilincic,Z (2450)-Antal,T (2352) Kecskemet Caissa IM 02 2012 (1) 0-1})
12... Bc6 $1 13. Rd1 Bxg2 (13... O-O 14. Nxc6 Nxc6 15. Qc4 Qa5 $132) 14. Qb5+
$1 {56} Nd7 {57} 15. Kxg2 a6 16. Qd3 Nf6 17. Bg5 O-O 18. Nf3 (18. b4 Qxd4)
18... Qxd3 19. Rxd3 Bb4 20. Bxf6 {20 Les Blancs étaient en grand
retard а la pendule mais la position ne pose pas trop de problème pour passer
le contrôle de temps} gxf6 21. Kf1 (21. Ne4 $142) 21... Bxc3 $11 22. bxc3 Rc7 23. Nd2 Rfc8 $15 24. c4 Rb8 25. Ra3 Rd8 26. Rxa5 Rxd2
27. Rc1 Rb2 28. Ke1 Kf8 29. c5 Ke7 30. f3 f5 31. Ra3 Rd7 32. c6 bxc6 (32...
Rdd2 $1 33. c7 Rxe2+ 34. Kf1 Rxh2) 33. Rd1 Ra7 34. Rd4 (34. Rc1 Kd6 35. Rd3+
Ke5 36. Rc5+ (36. Rd2)) (34. Rd2 Rb1+ 35. Kf2) 34... c5 35. Rh4 (35. Rd2) 35...
Rd7 36. Rc4 Rdd2 37. Re3 Kd6 38. Ra4 Rxa2 39. Rxa6+ Rxa6 40. Kxd2 Ra2+ 41. Kc1
c4 42. Kb1 Ra4 43. g4 f4 44. Re4 e5 45. e3 fxe3 46. Rxe3 Kd5 47. Kb2 Rb4+ 48.
Kc2 Rb3 0-1